 Dungeon Crawl Stone Soup version 0.30-a0-373-gd37427bb62 (webtiles) character file.

Game seed: 4252566238853698480

306 sanka the Shooter (level 5, -13/41 HPs)
             Began as a Demigod Hexslinger on Nov 23, 2022.
             Killed from afar by an orc wizard (14 damage)
             ... with a puff of flame
             ... on level 5 of the Dungeon.
             The game lasted 00:05:11 (4152 turns).

sanka the Shooter (Demigod Hexslinger)              Turns: 4152, Time: 00:05:11

Health: -13/41     AC:  2    Str: 11    XL:     5   Next: 93%
Magic:  9/9        EV: 12    Int: 15    God:
Gold:   261        SH:  0    Dex: 18    Spells: 5/6 levels left

rFire   . . .      SeeInvis .    a - +0 shortbow
rCold   . . .      Faith    .    (shield currently unavailable)
rNeg    . . .      Spirit   .    c - +0 robe
rPois   .          Reflect  .    (no helmet)
rElec   .          Harm     .    (no cloak)
rCorr   .          Rampage  .    (no gloves)
Will    .....                    (no boots)
Stlth   +.........               g - amulet of the acrobat
HPRegen 0.26/turn                (no ring)
MPRegen 0.11/turn                (no ring)

@: confused
A: high MP 1, forlorn, divine attributes
a: no special abilities


You were on level 5 of the Dungeon.
You visited 1 branch of the dungeon, and saw 5 of its levels.

You collected 261 gold pieces.


Innate Abilities, Weirdness & Mutations

You have an increased reservoir of magic. (+10% MP)
You shall have no god before yourself.
Your divine heritage dramatically boosts your attributes as you level up.


   Skills:
 - Level 2.0 Fighting
 + Level 5.6 Ranged Weapons
 - Level 1.7 Dodging
 - Level 1.0 Spellcasting
 - Level 2.6 Hexes


You had 5 spell levels left.
You knew the following spells:

 Your Spells              Type           Power      Damage    Failure   Level
z - Slow                  Hex            32%        N/A       9%          1

Your spell library contained the following spells:

 Spells                   Type           Power      Damage    Failure   Level
 Inner Flame              Hex/Fire       4%         N/A       38%         3
 Portal Projectile        Hex/Tloc       8%         N/A       38%         3
 Cause Fear               Hex            4%         N/A       63%         4

Inventory:

Hand Weapons
 a - a +0 shortbow (weapon)
 r - the +3 hand axe of Hard Scrabble {protect, Will+}

   It grants its wielder temporary protection when it strikes (+7 to AC).
   Will:      It increases your willpower.
 y - a +1 sling
Armour
 c - a +0 robe (worn)
 l - a +0 pair of gloves
Jewellery
 g - an amulet of the acrobat (around neck)
Wands
 x - a wand of paralysis (3)
 A - a wand of roots (3)
Scrolls
 b - 3 scrolls of poison {!r}
 f - 3 scrolls of noise {unknown}
 i - a scroll of magic mapping {unknown}
 j - 2 scrolls of blinking {unknown}
 n - a scroll of summoning {unknown}
 o - 3 scrolls of identify {unknown}
 p - a scroll of immolation {unknown}
 s - a scroll of enchant armour {unknown}
 v - a scroll of torment {unknown}
 z - a scroll of vulnerability {unknown}
Potions
 d - a potion of berserk rage {unknown}
 e - a potion of haste {unknown}
 h - a potion of degeneration {unknown}
 k - a potion of attraction {unknown}
 m - a potion of curing {unknown}
 q - a potion of might {unknown}
 t - a potion of heal wounds {unknown}
 u - a potion of resistance {unknown}
 w - 2 potions of invisibility {unknown}

Dungeon Overview and Level Annotations

Branches:
Dungeon (5/15)
 Temple: D:4-7

▒......▒▒...
....
▒.........
.... ▒........
..... ▒......▒
....▒▒▒......▒
....▒....<..▒▒
▒......)...▒
▒▒.....▒▒.▒▒
▒▒p..▒▒ ...
▒▒o▒▒ ▒▒▒ ▒..▒
▒..▒ ▒))▒▒
.....)
.....▒...
...▒▒▒▒▒... ..
.▒).


You could see an orc wizard.


Message History

You shoot an arrow. The arrow hits the orc!
You kill the orc!
The orc wizard hits you with a +0 dagger.
You shoot an arrow.
The arrow completely misses the orc wizard.
The orc wizard hits you with a +0 dagger.
The orc wizard points at you and mumbles some strange words.
The puff of flame hits you!
You shoot an arrow. The arrow hits the orc wizard!
The orc wizard is heavily wounded.
The orc wizard points at you and mumbles some strange words.
The puff of flame hits you!
* * * LOW HITPOINT WARNING * * *
You shoot an arrow. The arrow barely misses the orc wizard.
The orc wizard casts a spell at you.
You are confused.
You closely miss the orc wizard.
The orc wizard is heavily wounded.
The orc wizard casts a spell at you. The magic dart hits you!
* * * LOW HITPOINT WARNING * * *
The orc wizard hits you with a +0 dagger.
* * * LOW HITPOINT WARNING * * *
You're too confused to move!
The orc wizard points at you and mumbles some strange words.
The puff of flame hits you!
You die...

Action                   |  1- 3 |  4- 6 || total
-------------------------+-------+-------++-------
Melee: Shortbow          |       |     1 ||     1
 Fire: Sling             |   172 |   131 ||   303
       Shortbow          |       |    35 ||    35
Evoke: Wand              |       |     3 ||     3
Armor: Robe              |    21 |    11 ||    32
Dodge: Dodged            |    65 |    45 ||   110

Levels and vault maps discovered:
D:1:      evilmike_arrival_plus, layout_rooms
D:2:      layout_basic
D:3:      layout_basic, nicolae_dithmenos_the_darkroom,
          nicolae_overflow_two_pavilions, kennysheep_another_room,
          kennysheep_potato
D:4:      layout_cave_pods, grunt_temple_overflow_holy_war, uniq_ijyb
D:5:      minmay_general_purpose_star, layout_layer_cave,
          hangedman_decor_opposing, uniq_pikel

Notes
Turn   | Place    | Note
-------+----------+-------------------------------------------
     0 | D:1      | sanka the Demigod Hexslinger began the quest for the Orb.
     0 | D:1      | Reached XP level 1. HP: 15/15 MP: 4/4
    57 | D:1      | Reached skill level 2 in Ranged Weapons
   140 | D:1      | Reached XP level 2. HP: 22/22 MP: 5/5
   273 | D:1      | Reached skill level 3 in Ranged Weapons
   419 | D:1      | Reached XP level 3. HP: 23/27 MP: 6/6
   519 | D:2      | Reached skill level 1 in Fighting
  1001 | D:2      | Reached XP level 4. HP: 18/36 MP: 8/8
  1587 | D:3      | Reached skill level 2 in Fighting
  1652 | D:3      | Identified the +3 hand axe of Hard Scrabble {protect,
                  | Will+}
  1740 | D:3      | Reached skill level 4 in Ranged Weapons
  2359 | D:4      | Reached XP level 5. HP: 40/41 MP: 9/9
  2483 | D:4      | Noticed Ijyb
  2800 | D:4      | Noticed a centaur
  2817 | D:4      | Killed a centaur
  2818 | D:4      | Reached skill level 5 in Ranged Weapons
  3351 | D:4      | Noticed an angel
  3831 | D:4      | Killed Ijyb
  4124 | D:5      | Entered Level 5 of the Dungeon
  4151 | D:5      | HP: 1/41 [orc wizard/+0 dagger (4)]
  4152 | D:5      | Killed from afar by an orc wizard

Vanquished Creatures
  A centaur (D:4)
  Ijyb (D:4)
  3 gnolls (D:4)
  5 adders
  5 worms
  4 dart slugs
  4 orcs
  8 bats
  8 endoplasms
  2 giant cockroaches
  6 goblins
  7 hobgoblins
  10 jackals
  3 kobolds
  3 quokkas
  6 ball pythons
  7 frilled lizards
  7 rats
90 creatures vanquished.

Vanquished Creatures (others)
  An orc wizard (D:5)
1 creature vanquished.

Grand Total: 91 creatures vanquished
